| TOP OF THE 1ST |
|
Lynn Sailors batting - Pitching for Pittsfield Colonials : RHP Tim Rodgers
|
|
Pitching: RHP Tim Rodgers
|
|
|
Batting: RHB Ron Wotus
|
0-0: Called Strike 0-1: Ground out 5-3 (Groundball, 56, EV 98.8 MPH)
|
|
Batting: RHB Jorge Hinojosa
|
0-0: SINGLE (Groundball, 6MD, EV 101.3 MPH)
|
|
Batting: RHB Mike Rubel
|
0-0: Ball 1-0: Ball 2-0: Called Strike 2-1: Foul Ball, location: 2F 2-2: Foul Ball, location: 2F 2-2: Strikes out looking
|
|
Batting: RHB Ken Gerhart
|
0-0: Called Strike 0-1: Called Strike 0-2: Ball 1-2: Strikes out swinging
|
| Top of the 1st over - 0 runs, 1 hit, 0 errors, 1 left on base; Lynn 0 - Pittsfield 0 |
| BOTTOM OF THE 1ST |
|
Pittsfield Colonials batting - Pitching for Lynn Sailors : RHP Donald Cline
|
|
Pitching: RHP Donald Cline
|
|
|
Batting: SHB Steve Scafa
|
0-0: Ball 1-0: Called Strike 1-1: Foul Ball, location: 2F 1-2: Foul Ball, location: 2F 1-2: Foul Ball, location: 2F 1-2: Ball 2-2: Foul Ball, location: 2F 2-2: Foul Ball, location: 2F 2-2: DOUBLE (Flyball, 7LM, EV 91.9 MPH)
|
|
Batting: SHB Mitch Webster
|
0-0: Swinging Strike 0-1: Ball 1-1: Foul Ball, location: 2F 1-2: Ball 2-2: Ball 3-2: Fly out, F8 (Flyball, 8RM, EV 88.1 MPH) Runner from 2nd tags up, SAFE at 3rd with throw by CF
|
|
Batting: RHB Shawon Dunston
|
0-0: Swinging Strike 0-1: SINGLE (Line Drive, 5D, EV 108.1 MPH) Steve Scafa scores
|
|
Batting: SHB Mark Gilbert
|
0-0: Ball 1-0: Ball 2-0: Ball 3-0: Called Strike 3-1: Called Strike 3-2: Fly out, F7 (Flyball, 7, EV 90.6 MPH)
|
|
Batting: RHB Mike Brewer
|
0-0: Ball 1-0: Called Strike 1-1: Ball 2-1: Called Strike 2-2: Ball 3-2: Ground out U3 (Groundball, 3S, EV 82.5 MPH)
|
| Bottom of the 1st over - 1 run, 2 hits, 0 errors, 1 left on base; Lynn 0 - Pittsfield 1 |
| TOP OF THE 2ND |
|
Lynn Sailors batting - Pitching for Pittsfield Colonials : RHP Tim Rodgers
|
|
Batting: RHB Mike Reddish
|
0-0: Ball 1-0: Foul Ball, location: 2F 1-1: Foul Ball, location: 2F 1-2: Ball 2-2: Ball 3-2: Foul Ball, location: 2F 3-2: Strikes out swinging
|
|
Batting: RHB Ted Trevino
|
0-0: Ball 1-0: Fly out, F9 (Flyball, 9, EV 78.1 MPH)
|
|
Batting: RHB Vinny Jaramillo
|
0-0: Ball 1-0: Called Strike 1-1: Foul Ball, location: 2F 1-2: Strikes out swinging
|
| Top of the 2nd over - 0 runs, 0 hits, 0 errors, 0 left on base; Lynn 0 - Pittsfield 1 |
| BOTTOM OF THE 2ND |
|
Pittsfield Colonials batting - Pitching for Lynn Sailors : RHP Donald Cline
|
|
Batting: LHB Armando Ortiz
|
0-0: Called Strike 0-1: Ball 1-1: Ball 2-1: Swinging Strike 2-2: Foul Ball, location: 2F 2-2: Ball 3-2: Strikes out swinging
|
|
Batting: RHB Steven Ramler
|
0-0: Ball 1-0: Called Strike 1-1: Ball 2-1: Ground out 5-3 (Groundball, 56S, EV 87.5 MPH)
|
|
Batting: SHB David Enos
|
0-0: Ball 1-0: Ball 2-0: Called Strike 2-1: SINGLE (Groundball, 56D, EV 111.3 MPH)
|
|
Batting: RHB Juan Castro
|
0-0: Ball 1-0: Ball 2-0: Ball 3-0: Called Strike 3-1: Fly out, F7 (Flyball, 7S, EV 79.4 MPH)
|
| Bottom of the 2nd over - 0 runs, 1 hit, 0 errors, 1 left on base; Lynn 0 - Pittsfield 1 |
| TOP OF THE 3RD |
|
Lynn Sailors batting - Pitching for Pittsfield Colonials : RHP Tim Rodgers
|
|
Batting: SHB Danny Gans
|
0-0: Called Strike 0-1: Ball 1-1: Ball 2-1: Foul Ball, location: 2F 2-2: Ball 3-2: Strikes out swinging, 2-3 out at first.
|
|
Batting: RHB Ezequiel Carrasco
|
0-0: Foul Ball, location: 2F 0-1: Called Strike 0-2: Strikes out looking
|
|
Batting: RHB Ron Wotus
|
0-0: Swinging Strike 0-1: Ball 1-1: Ball 2-1: Ball 3-1: Reached on error, E5 (Groundball, 5, EV 100.0 MPH)
|
|
Batting: RHB Jorge Hinojosa
|
0-0: Ball 1-0: Ball 2-0: Fly out, F3 (Popup, 34, EV 65.0 MPH)
|
| Top of the 3rd over - 0 runs, 0 hits, 1 error, 1 left on base; Lynn 0 - Pittsfield 1 |
| BOTTOM OF THE 3RD |
|
Pittsfield Colonials batting - Pitching for Lynn Sailors : RHP Donald Cline
|
|
Batting: SHB Steve Scafa
|
0-0: Called Strike 0-1: Hit by Pitch
|
|
Batting: SHB Mitch Webster
|
0-0: Ball 1-0: Foul Ball, location: 2F 1-1: Ball 2-1: Ball Steve Scafa steals 2nd base 3-1: Called Strike 3-2: SINGLE (Groundball, 5D, EV 110.6 MPH) Steve Scafa to third Runner from 3rd tries for Home, SAFE, throw by LF to home Mitch Webster to second
|
|
Batting: RHB Shawon Dunston
|
0-0: DOUBLE (Line Drive, 9LD, EV 110.6 MPH) Mitch Webster scores
|
|
Batting: SHB Mark Gilbert
|
0-0: Called Strike 0-1: Ball 1-1: Ball 2-1: SINGLE (Line Drive, 56, EV 98.1 MPH) Shawon Dunston to third
|
|
Batting: RHB Mike Brewer
|
0-0: Ball 1-0: Ball 2-0: Called Strike 2-1: Called Strike 2-2: Foul Ball, location: 2F 2-2: Foul Ball, location: 2F 2-2: Foul Ball, location: 2F 2-2: Foul Ball, location: 2F 2-2: Fly out, F9 (Flyball, 9D, EV 92.5 MPH) Runner from 3rd tags up, SCORES, no throw by RF
|
|
Batting: LHB Armando Ortiz
|
0-0: Called Strike Mark Gilbert steals 2nd base 0-1: Ball 1-1: Ground out 4-3 (Groundball, 4, EV 81.9 MPH) Mark Gilbert to third
|
|
Batting: RHB Steven Ramler
|
0-0: Ball 1-0: Fly out, F7 (Flyball, 7, EV 89.4 MPH)
|
| Bottom of the 3rd over - 3 runs, 3 hits, 0 errors, 1 left on base; Lynn 0 - Pittsfield 4 |
| TOP OF THE 4TH |
|
Lynn Sailors batting - Pitching for Pittsfield Colonials : RHP Tim Rodgers
|
|
Batting: RHB Mike Rubel
|
0-0: Foul Ball, location: 2F 0-1: Ball 1-1: Foul Ball, location: 2F 1-2: Foul Ball, location: 2F 1-2: Fly out, F8 (Flyball, 8RD, EV 105.0 MPH)
|
|
Batting: RHB Ken Gerhart
|
0-0: Ball 1-0: Ball 2-0: Ball 3-0: Called Strike 3-1: Base on Balls
|
|
Batting: RHB Mike Reddish
|
0-0: Fly out, F9 (Flyball, 89D, EV 108.8 MPH)
|
|
Batting: RHB Ted Trevino
|
0-0: Ball 1-0: Ball Ken Gerhart is caught stealing 2nd base 2-4
|
| Top of the 4th over - 0 runs, 0 hits, 0 errors, 0 left on base; Lynn 0 - Pittsfield 4 |
| BOTTOM OF THE 4TH |
|
Pittsfield Colonials batting - Pitching for Lynn Sailors : RHP Donald Cline
|
|
Batting: SHB David Enos
|
0-0: Ball 1-0: Ground out 1-3 (Groundball, 13, EV 72.5 MPH)
|
|
Batting: RHB Juan Castro
|
0-0: Called Strike 0-1: Ball 1-1: Called Strike 1-2: Ball 2-2: Strikes out swinging
|
|
Batting: SHB Steve Scafa
|
0-0: Foul Ball, location: 2F 0-1: Ball 1-1: Ball 2-1: Fly out, F4 (Popup, 34, EV 60.0 MPH)
|
| Bottom of the 4th over - 0 runs, 0 hits, 0 errors, 0 left on base; Lynn 0 - Pittsfield 4 |
| TOP OF THE 5TH |
|
Lynn Sailors batting - Pitching for Pittsfield Colonials : RHP Tim Rodgers
|
|
Batting: RHB Ted Trevino
|
0-0: Ball 1-0: Foul Ball, location: 2F 1-1: Ball 2-1: Foul Ball, location: 2F 2-2: Foul Ball, location: 2F 2-2: Strikes out swinging
|
|
Batting: RHB Vinny Jaramillo
|
0-0: Ball 1-0: Ball 2-0: Fly out, F9 (Line Drive, 9, EV 83.1 MPH)
|
|
Batting: SHB Danny Gans
|
0-0: Fly out, F3 (Flyball, 3D, EV 85.6 MPH)
|
| Top of the 5th over - 0 runs, 0 hits, 0 errors, 0 left on base; Lynn 0 - Pittsfield 4 |
| BOTTOM OF THE 5TH |
|
Pittsfield Colonials batting - Pitching for Lynn Sailors : RHP Donald Cline
|
|
Batting: SHB Mitch Webster
|
0-0: Called Strike 0-1: Called Strike 0-2: Strikes out swinging
|
|
Batting: RHB Shawon Dunston
|
0-0: Ground out 5-3 (Groundball, 56, EV 99.4 MPH)
|
|
Batting: SHB Mark Gilbert
|
0-0: Called Strike 0-1: Foul Ball, location: 2F 0-2: Ball 1-2: Ball 2-2: Foul Ball, location: 2F 2-2: Foul Ball, location: 2F 2-2: Ball 3-2: Foul Ball, location: 2F 3-2: Fly out, F9 (Flyball, 9, EV 90.6 MPH)
|
| Bottom of the 5th over - 0 runs, 0 hits, 0 errors, 0 left on base; Lynn 0 - Pittsfield 4 |
| TOP OF THE 6TH |
|
Lynn Sailors batting - Pitching for Pittsfield Colonials : RHP Tim Rodgers
|
|
Batting: RHB Ezequiel Carrasco
|
0-0: SINGLE (Line Drive, 7S, EV 93.1 MPH)
|
|
Batting: RHB Ron Wotus
|
0-0: Ball 1-0: Called Strike 1-1: Ball 2-1: Called Strike 2-2: Grounds into double play, 6-4-3 (Groundball, 6, EV 101.3 MPH)
|
|
Batting: RHB Jorge Hinojosa
|
0-0: Called Strike 0-1: Ball 1-1: Swinging Strike 1-2: Fly out, F7 (Flyball, 78D, EV 95.0 MPH)
|
| Top of the 6th over - 0 runs, 1 hit, 0 errors, 0 left on base; Lynn 0 - Pittsfield 4 |
| BOTTOM OF THE 6TH |
|
Pittsfield Colonials batting - Pitching for Lynn Sailors : RHP Donald Cline
|
|
Batting: RHB Mike Brewer
|
0-0: Ball 1-0: Foul Ball, location: 2F 1-1: Fly out, F7 (Flyball, 7, EV 85.6 MPH)
|
|
Batting: LHB Armando Ortiz
|
0-0: DOUBLE (Flyball, 8RXD, EV 110.6 MPH)
|
|
Batting: RHB Steven Ramler
|
0-0: Called Strike 0-1: Called Strike 0-2: Ground out 6-3 (Groundball, 6S, EV 81.9 MPH)
|
|
Batting: SHB David Enos
|
0-0: Intentional Walk
|
|
Batting: RHB Juan Castro
|
0-0: Called Strike 0-1: Swinging Strike 0-2: Ball 1-2: Strikes out swinging
|
| Bottom of the 6th over - 0 runs, 1 hit, 0 errors, 2 left on base; Lynn 0 - Pittsfield 4 |
| TOP OF THE 7TH |
|
Lynn Sailors batting - Pitching for Pittsfield Colonials : RHP Tim Rodgers
|
|
Batting: RHB Mike Rubel
|
0-0: Called Strike 0-1: Foul Ball, location: 2F 0-2: Ball 1-2: Strikes out swinging
|
|
Batting: RHB Ken Gerhart
|
0-0: Ball 1-0: Foul Ball, location: 2F 1-1: Fly out, F9 (Flyball, 9, EV 95.0 MPH)
|
|
Batting: RHB Mike Reddish
|
0-0: Swinging Strike 0-1: Foul Ball, location: 2F 0-2: Ball 1-2: Fly out, F8 (Flyball, 89M, EV 91.9 MPH)
|
| Top of the 7th over - 0 runs, 0 hits, 0 errors, 0 left on base; Lynn 0 - Pittsfield 4 |
| BOTTOM OF THE 7TH |
|
Pittsfield Colonials batting - Pitching for Lynn Sailors : RHP Donald Cline
|
|
Pitching: RHP Tim Reynolds
|
|
|
Batting: SHB Steve Scafa
|
0-0: Ball 1-0: Called Strike 1-1: Ball 2-1: Ball 3-1: Called Strike 3-2: Base on Balls
|
|
Batting: SHB Mitch Webster
|
0-0: Ball 1-0: Sac Bunt to 3S - play at first, batter OUT! 3-4 Steve Scafa to second
|
|
Batting: RHB Shawon Dunston
|
0-0: Called Strike 0-1: Ball 1-1: Fly out, F8 (Flyball, 8LD, EV 90.0 MPH)
|
|
Batting: SHB Mark Gilbert
|
0-0: Intentional Walk
|
|
Batting: RHB Mike Brewer
|
0-0: Ball 1-0: Called Strike 1-1: Fly out, F8 (Line Drive, 8RD, EV 89.4 MPH)
|
| Bottom of the 7th over - 0 runs, 0 hits, 0 errors, 2 left on base; Lynn 0 - Pittsfield 4 |
| TOP OF THE 8TH |
|
Lynn Sailors batting - Pitching for Pittsfield Colonials : RHP Tim Rodgers
|
|
Batting: RHB Ted Trevino
|
0-0: Ball 1-0: Ball 2-0: Foul Ball, location: 2F 2-1: Called Strike 2-2: SOLO HOME RUN (Flyball, 7D, EV 102.5 MPH), Distance : 365 ft
|
|
Batting: RHB Vinny Jaramillo
|
0-0: Called Strike 0-1: Ball 1-1: Fly out, F9 (Flyball, 89M, EV 76.3 MPH)
|
|
Batting: SHB Danny Gans
|
0-0: Foul Ball, location: 2F 0-1: Swinging Strike 0-2: Strikes out swinging
|
|
Batting: RHB Ezequiel Carrasco
|
0-0: Called Strike 0-1: Ball 1-1: Ball 2-1: Called Strike 2-2: Strikes out swinging
|
| Top of the 8th over - 1 run, 1 hit, 0 errors, 0 left on base; Lynn 1 - Pittsfield 4 |
| BOTTOM OF THE 8TH |
|
Pittsfield Colonials batting - Pitching for Lynn Sailors : RHP Tim Reynolds
|
|
Batting: LHB Armando Ortiz
|
0-0: Called Strike 0-1: Ball 1-1: Fly out, F6 (Popup, 6, EV 76.3 MPH)
|
|
Batting: RHB Steven Ramler
|
0-0: Called Strike 0-1: Ground out 6-3 (Groundball, 6S, EV 83.8 MPH)
|
|
Batting: SHB David Enos
|
0-0: Called Strike 0-1: Ball 1-1: Ground out 5-3 (Groundball, 56S, EV 78.8 MPH)
|
| Bottom of the 8th over - 0 runs, 0 hits, 0 errors, 0 left on base; Lynn 1 - Pittsfield 4 |
| TOP OF THE 9TH |
|
Lynn Sailors batting - Pitching for Pittsfield Colonials : RHP Tim Rodgers
|
|
Batting: RHB Ron Wotus
|
0-0: Ground out U3 (Groundball, 3S, EV 86.3 MPH)
|
|
Batting: RHB Jorge Hinojosa
|
0-0: Fly out, F8 (Line Drive, 8RD, EV 99.4 MPH)
|
|
Batting: RHB Mike Rubel
|
0-0: Called Strike 0-1: Foul Ball, location: 2F 0-2: Ball 1-2: Fly out, F8 (Flyball, 8RM, EV 80.0 MPH)
|
| Top of the 9th over - 0 runs, 0 hits, 0 errors, 0 left on base; Lynn 1 - Pittsfield 4 |
|